 Dungeon Sprint DCSS version 0.14.2 (webtiles) character file.

596 Groucho the Nimble (level 7, -10/39 HPs)
             Began as a Spriggan Enchanter on Apr 22, 2016.
             Mangled by a crocodile (11 damage)
             ... in the Dungeon (Sprint II: "The Violet Keep of Menkaure").
             The game lasted 00:05:11 (601 turns).

Groucho the Nimble (Spriggan Enchanter)              Turns: 601, Time: 00:05:12

HP -10/39        AC  5     Str  4      XL: 7   Next:  1%
MP  26/26        EV 26     Int 15 (16) God:
Gold 76          SH  0     Dex 19      Spells:  3 memorised, 16 levels left

rFire  . . .     SeeInvis +     a - +1 dagger
rCold  . . .     Clarity  .     b - +1 robe
rNeg   . . .     Conserve .     (shield restricted)
rPois  .         rCorr    .     (helmet restricted)
rElec  .         rRot     .     l - +1 cloak {+Inv}
SustAb . .       Spirit   .     (gloves unavailable)
rMut   .         Warding  .     (boots unavailable)
Saprov . . .     NoTele   +     (no amulet)
MR     +....                    (no ring)
                                (no ring)

@: very quick, somewhat resistant to hostile enchantments, very stealthy
A: unfitting armour, see invisible, herbivore 3, speed 3, slow metabolism 2
a: Evoke Invisibility


You were in the Dungeon.
You were not hungry.

You visited 1 branch You collected 486 gold pieces.
You spent 410 gold pieces at shops.

Inventory:

Hand weapons
 a - a +1,+1 dagger (weapon)
Missiles
 d - 12 darts (quivered)
Armour
 b - a +1 robe (worn)
 l - a +1 cloak of darkness (worn)
 m - a +0 buckler
Scrolls
 k - a scroll of blinking
Potions
 e - a potion of porridge
 f - a potion of curing
 h - a potion of haste
 i - 2 potions of magic
 j - a potion of berserk rage
 n - a potion of flight
 o - a potion of brilliance
 p - a potion of invisibility
 q - a potion of might
 r - 2 potions of agility
 s - a potion of restore abilities
Books
 c - a book of Maledictions

   Spells                             Type                      Level
   *Corona                            Hexes                        1
   Sure Blade                         Hexes/Charms                 2
   *Ensorcelled Hibernation           Hexes/Ice                    2
   *Confuse                           Hexes                        3
   Enslavement                        Hexes                        4
   Invisibility                       Hexes                        6


   Skills:
 * Level 5.1 Fighting
 * Level 7.1 Short Blades
 - Level 1.1 Throwing
 * Level 9.6 Dodging
 + Level 7.7 Stealth
 * Level 8.1 Spellcasting
 * Level 8.5 Hexes
 + Level 0.0 Evocations


You had 16 spell levels left.
You knew the following spells:

 Your Spells              Type           Power        Failure   Level  Hunger
a - Corona                Hex            ####...      1%          1    None
b - Ensorcelled Hibernat  Hex/Ice        ###...       3%          2    None
c - Confuse               Hex            ####....     1%          3    ##.....


Dungeon Overview and Level Annotations

Branches:
Dungeon (1/1)

Altars:

Shops:
D [:[?}=(*!!%(([:=

Annotations:
D exclusion: oklob plant, Roxanne


Innate Abilities, Weirdness & Mutations

You are tiny and cannot use many weapons and most armour.
You have supernaturally acute eyesight.
You are a herbivore.
You cover ground extremely quickly.
You need consume almost no food.


Message History

The crocodile misses you.
You barely miss the crocodile.
The crocodile is almost dead.
The crocodile bites you!
* * * LOW HITPOINT WARNING * * *
You closely miss the crocodile.
The crocodile is almost dead.
You hit the crocodile but do no damage.
The crocodile is almost dead.
The slime creature jiggles.
The crocodile misses you.
You hit the crocodile.
The crocodile is almost dead.
The crocodile completely misses you.
You closely miss the crocodile.
The crocodile is almost dead.
You closely miss the crocodile.
The crocodile is almost dead.
The crocodile bites you!
You die...

############≈≈#+++#
###########≈≈≈.....
##∩.∩.....#≈≈≈≈.##+##
##.∩.∩....#≈≈≈≈##..%##
##..∩.∩...#≈≈≈≈#%.##.#
##...∩.∩..#≈≈######.##
##....∩.⌠.#≈##.###'##
##...∩.∩..#≈#.#.##.##
##..∩.∩..@t≈'###'.<.+
##.∩.∩....#≈#.#.##.##
#▓▓▓▓▓▓▓###≈##.###+#
##?JD######≈≈###
#$JD#G. ##≈≈≈ #∩P!+?$#
+#≈# #).$#(##; ≈≈
#$..###≈≈ ##+###≈≈


You could see 2 slime creatures, an oklob plant, a crocodile and 2 wyverns.

Vanquished Creatures
  2 hippogriffs (D)
  4 brain worms (D)
6 creatures vanquished.

Notes
Turn   | Place    | Note
--------------------------------------------------------------
     0 | D        | Groucho, the Spriggan Enchanter, began the quest for the Orb.
     0 | D        | Reached XP level 1. HP: 9/9 MP: 4/4
     1 | D        | Noticed a hippogriff
     1 | D        | Noticed a hippogriff
     5 | D        | Noticed a brain worm
    18 | D        | Killed a brain worm
    18 | D        | Reached skill level 5 in Dodging
    18 | D        | Reached skill level 5 in Hexes
    18 | D        | Reached XP level 2. HP: 2/15 MP: 5/10
    18 | D        | Reached XP level 3. HP: 2/18 MP: 6/13
   302 | D        | Noticed a brain worm
   303 | D        | Killed a brain worm
   303 | D        | Reached skill level 6 in Dodging
   303 | D        | Reached skill level 5 in Stealth
   303 | D        | Reached skill level 5 in Spellcasting
   303 | D        | Reached XP level 4. HP: 21/24 MP: 15/17
   307 | D        | Learned a level 2 spell: Ensorcelled Hibernation
   311 | D        | Learned a level 3 spell: Confuse
   311 | D        | Noticed a brain worm
   311 | D        | Noticed a brain worm
   313 | D        | Killed a brain worm
   313 | D        | Reached skill level 5 in Short Blades
   313 | D        | Reached skill level 7 in Dodging
   313 | D        | Reached XP level 5. HP: 24/29 MP: 17/20
   315 | D        | Killed a brain worm
   315 | D        | Reached skill level 8 in Dodging
   468 | D        | Noticed Roxanne
   479 | D        | Killed a hippogriff
   479 | D        | Reached skill level 9 in Dodging
   479 | D        | Reached XP level 6. HP: 32/34 MP: 21/23
   482 | D        | Killed a hippogriff
   482 | D        | Reached skill level 5 in Fighting
   482 | D        | Reached XP level 7. HP: 35/39 MP: 22/26
   486 | D        | Found Fyhiynac's Antique Weapon Boutique.
   486 | D        | Found Froit's Book Boutique.
   487 | D        | Found Twoebb's Jewellery Shop.
   487 | D        | Found Zuezaciu's Food Shop.
   487 | D        | Found Churacs' Distillery.
   487 | D        | Found Maxubad's Distillery.
   487 | D        | Found Ownex's Weapon Shop.
   488 | D        | Found Keicseng's Antique Armour Shop.
   488 | D        | Found Mnimiotuo's Antique Weapon Boutique.
   488 | D        | Found Ghaf's Jewellery Boutique.
   488 | D        | Found Thaumog's General Store.
   488 | D        | Noticed a crocodile
   488 | D        | Noticed a wyvern
   489 | D        | Found Ynixke's Magic Scroll Boutique.
   495 | D        | Noticed a wyvern
   496 | D        | Found Voun's Antique Armour Shop.
   496 | D        | Found Eteehopo's Gadget Shop.
   496 | D        | Noticed an oklob plant
   498 | D        | Found Thouc's Book Shoppe.
   498 | D        | Noticed a slime creature
   499 | D        | Found Etuudukh's Armour Boutique.
   499 | D        | Noticed a slime creature
   499 | D        | Noticed a slime creature
   504 | D        | Noticed a great orb of eyes
   504 | D        | Noticed an electric eel
   529 | D        | Bought a runed cloak for 112 gold pieces
   532 | D        | Bought a +0 buckler for 63 gold pieces
   543 | D        | Bought a potion of flight for 33 gold pieces
   543 | D        | Bought a potion of brilliance for 27 gold pieces
   543 | D        | Bought a potion of invisibility for 60 gold pieces
   543 | D        | Bought a potion of might for 27 gold pieces
   543 | D        | Bought 2 potions of agility for 55 gold pieces
   543 | D        | Bought a potion of restore abilities for 33 gold pieces
   596 | D        | HP: 1/39 [crocodile (15)]
   601 | D        | Mangled by a crocodile

Action                   |  1- 3 |  4- 6 |  7- 9 || total
-------------------------+-------+-------+-------++-------
Melee: Dagger            |    10 |     4 |    46 ||    60
  Use: Potion            |       |       |     1 ||     1
 Stab: Sleeping          |     1 |     4 |       ||     5
